Map: [ESL] Oceanborn

Players

Solar - Winner!

  • Race: Zerg Zerg
  • Spawn Location: 11:00

GuMiho

  • Race: Terran Terran
  • Spawn Location: 5:00

Event: IEM Katowice 2024

VOD

Have the link to the VOD?

Description

Time

  • Played on: Feb. 9, 2024, 9:27 a.m.
  • Length: 13:05

All games in this series

Show
View Real Time Build Order
Export as new Build Order

Solar Zerg - Winner!

Build Orders: Hatch First 

Get SALT Encoding   

  12  0:00  Drone  
  13  0:08  Drone  
  14  0:14  Extractor, Drone  
  15  0:36  Hatchery  
  15  0:41  Extractor, Drone  
  15  0:48  Overlord  
  15  1:03  Spawning Pool  
  14  1:06  Drone  
  14  1:10  Drone  
  16  1:13  Drone  
  16  1:18  Drone  
  18  1:27  Extractor  
  18  1:29  Drone  
  18  1:39  Drone  
  19  1:50  Queen x2  
  19  1:51  Zergling x2, Drone  
  25  2:00  Overlord  
  25  2:02  Drone  
  26  2:12  Drone x2  
  28  2:21  Drone  
  29  2:23  Drone  
  29  2:26  Queen  
  32  2:35  Hatchery  
  31  2:38  Drone  
  31  2:42  Overlord  
  32  2:46  Drone  
  32  2:48  Drone  
  34  2:52  Metabolic Boost  
  34  2:55  Drone  
  35  3:01  Drone  
  35  3:02  Drone x3  
  39  3:08  Queen  
  39  3:11  Drone  
  42  3:14  Overlord  
  42  3:18  Drone  
  43  3:22  Drone  
  44  3:32  Queen  
  44  3:34  Drone x4  
  50  3:36  Overlord  
  50  3:40  Drone x2  
  52  3:43  Overlord  
  52  3:47  Queen  
  54  3:49  Drone  
  54  3:52  Queen  
  54  3:53  Overlord  
  57  3:56  Drone  
  57  3:57  Drone  
  57  4:01  Overlord  
  59  4:03  Drone  
  59  4:04  Zergling x4  
  59  4:05  Zergling x2  
  59  4:07  Zergling x2  
  59  4:09  Zergling x2  
  65  4:12  Queen  
  65  4:16  Drone x2  
  69  4:17  Zergling x4  
  69  4:19  Drone  
  69  4:20  Drone  
  73  4:24  Drone  
  73  4:25  Queen  
  73  4:27  Drone x2  
  73  4:29  Overlord  
  73  4:31  Drone  
  78  4:33  Spore Crawler  
  78  4:36  Drone x2, Spore Crawler  
  79  4:38  Drone  
  79  4:43  Lair  
  79  4:45  Zergling x2  
  79  4:46  Zergling x2  
  79  4:48  Overlord  
  79  4:49  Drone x2  
  83  4:54  Overlord  
  83  4:56  Drone x4  
  86  5:00  Overlord  
  86  5:02  Overlord  
  86  5:03  Extractor  
  86  5:04  Extractor  
  84  5:07  Drone x2  
  84  5:09  Baneling Nest  
  84  5:10  Drone x2  
  84  5:13  Overlord  
  87  5:19  Zergling x4  
  89  5:27  Zergling x8  
  93  5:29  Extractor  
  93  5:30  Zergling x4  
  94  5:36  Drone x2  
  94  5:37  Zergling x8, Drone  
  94  5:39  Evolution Chamber  
  94  5:40  Evolution Chamber  
  99  5:43  Overlord  
  99  5:46  Zergling x2  
  99  5:49  Queen x2  
  98  5:50  Queen  
  98  5:53  Baneling x2  
  98  5:54  Baneling x6  
  98  5:56  Drone x3  
  105  6:02  Zergling x6  
  105  6:03  Baneling  
  105  6:04  Baneling  
  108  6:06  Zergling x2  
  108  6:07  Zergling x4  
  108  6:10  Zergling x6  
  114  6:13  Zergling x2, Baneling x2, Hatchery  
  114  6:16  Zerg Ground Armor Level 1  
  114  6:18  Overlord  
  114  6:19  Zergling x2  
  114  6:27  Zergling x10  
  114  6:31  Overlord  
  119  6:36  Zergling x4  
  119  6:37  Zergling x2  
  119  6:38  Overlord  
  119  6:39  Zergling x2  
  123  6:40  Zergling x4  
  123  6:44  Zerg Melee Weapons Level 1  
  123  6:45  Zergling x8  
  127  6:50  Baneling x5  
  127  6:51  Zergling x2  
  127  6:53  Overlord  
  128  6:56  Baneling x2  
  128  6:58  Zergling x2  
  128  7:00  Baneling x2  
  129  7:03  Zergling x2  
  129  7:07  Zergling x8  
  133  7:13  Zergling x4  
  134  7:16  Baneling x6  
  134  7:20  Zergling x2  
  134  7:21  Zergling x2  
  136  7:23  Overlord  
  136  7:28  Zergling x6, Drone x2  
  141  7:30  Overlord  
  141  7:32  Queen  
  141  7:34  Extractor  
  141  7:36  Drone x3  
  141  7:37  Centrifugal Hooks  
  144  7:39  Drone x3  
  144  7:43  Hydralisk Den  
  146  7:46  Drone x2  
  146  7:48  Queen  
  150  7:52  Zergling x4  
  150  7:54  Zergling x2  
  150  7:56  Zergling x2  
  154  7:59  Drone x4, Overlord  
  154  8:03  Zergling x4  
  160  8:06  Baneling x3  
  160  8:07  Drone x4, Baneling  
  160  8:09  Drone x2  
  160  8:12  Grooved Spines  
  166  8:13  Hydralisk, Zerg Ground Armor Level 2  
  166  8:16  Extractor, Hatchery  
  165  8:22  Hydralisk x4  
  165  8:26  Hydralisk  
  165  8:27  Hydralisk x2  
  172  8:28  Overlord  
  172  8:32  Hydralisk  
  172  8:33  Hydralisk  
  182  8:34  Zergling x2  
  182  8:36  Queen  
  184  8:41  Zergling x14  
  184  8:42  Zergling x2  
  184  8:44  Zerg Melee Weapons Level 2  
  190  8:49  Zergling x8  
  190  8:54  Zergling x4  
  190  8:55  Zergling x2  
  194  9:06  Zergling x12  
  187  9:12  Zergling x6  
  182  9:17  Muscular Augments  
  182  9:20  Hydralisk x3  
  182  9:23  Baneling x3  
  186  9:25  Zergling x4  
  186  9:28  Infestation Pit  
  186  9:31  Zergling x4  
  172  9:33  Extractor  
  172  9:34  Zergling x2  
  155  9:39  Zergling x4  
  155  9:44  Hydralisk x2, Baneling x2  
  155  9:45  Zergling x6  
  163  9:46  Zergling x6  
  163  9:48  Zergling x12, Hatchery  
  163  9:52  Zergling x4  
  173  9:56  Zergling x4  
  173  9:59  Zergling x2  
  172  10:02  Baneling x6  
  172  10:03  Drone x3  
  172  10:05  Hydralisk x3  
  180  10:09  Zergling x2  
  180  10:13  Hive  
  177  10:15  Zergling x10  
  174  10:21  Zergling x12  
  174  10:28  Zergling x16  
  180  10:31  Hydralisk  
  180  10:35  Hydralisk x2  
  168  10:36  Zergling x2  
  170  10:43  Zergling x12  
  170  10:46  Zerg Missile Weapons Level 1  
  170  10:47  Zergling x10  
  179  10:53  Zergling x4  
  179  10:56  Zergling x6  
  184  11:00  Baneling x4, Hatchery  
  184  11:02  Zergling x8  
  185  11:07  Zergling x2  
  185  11:10  Drone  
  185  11:11  Drone x4  
  191  11:13  Zergling x4  
  191  11:16  Overseer  
  191  11:17  Pneumatized Carapace, Overseer  
  193  11:19  Zergling x8  
  193  11:24  Zergling x6  
  198  11:29  Zergling x4  
  199  11:33  Zergling x2  
  200  11:44  Zergling x4  
  196  11:50  Zergling x28  
  191  12:00  Viper  
  191  12:01  Viper  
  172  12:02  Hydralisk x2  
  172  12:05  Zergling x6  
  178  12:12  Zergling x8  
  178  12:15  Hatchery  
  172  12:17  Ultralisk Cavern  
  172  12:18  Zergling x2  
  172  12:22  Zergling x4  
  168  12:26  Zergling x6  
  168  12:27  Baneling x6  
  169  12:32  Zergling x4  
  169  12:36  Zergling x2  
  169  12:37  Zergling x4  
  173  12:43  Drone x2  
  172  12:45  Drone x2  
  169  12:53  Drone  
Show
View Real Time Build Order
Export as new Build Order

GuMiho Terran 

Build Orders: Command Center First 

Get SALT Encoding   

  12  0:00  SCV  
  13  0:12  SCV  
  14  0:16  Supply Depot  
  14  0:24  SCV  
  15  0:38  SCV  
  16  0:50  SCV  
  17  0:58  Command Center  
  17  1:02  SCV  
  18  1:11  Barracks  
  18  1:15  SCV  
  19  1:20  Refinery  
  19  1:27  SCV  
  19  1:29  Refinery  
  20  1:39  SCV  
  21  1:52  SCV  
  22  1:58  Reaper  
  23  2:04  Orbital Command  
  23  2:10  Orbital Command  
  23  2:17  Factory  
  23  2:26  Barracks  
  23  2:29  SCV  
  24  2:31  Barracks Reactor  
  24  2:36  SCV  
  25  2:41  SCV  
  26  2:48  SCV  
  27  2:52  Supply Depot  
  27  2:53  SCV  
  28  3:01  Hellion  
  28  3:02  SCV  
  28  3:03  Starport  
  31  3:05  SCV  
  31  3:07  Marine  
  31  3:08  Marine  
  31  3:12  Supply Depot  
  34  3:13  Barracks Tech Lab  
  34  3:14  SCV  
  34  3:17  SCV  
  36  3:22  Hellion  
  36  3:25  Marine x2  
  36  3:26  SCV  
  41  3:30  SCV  
  42  3:34  Stimpack  
  42  3:38  SCV, Supply Depot  
  43  3:41  Medivac  
  43  3:43  Marine  
  43  3:45  Marine  
  43  3:46  Marine  
  48  3:50  Hellion  
  48  3:51  SCV  
  48  3:54  SCV  
  52  4:00  Supply Depot  
  52  4:01  Marine  
  53  4:03  Marine  
  53  4:04  Marine  
  53  4:06  SCV x2  
  57  4:12  Hellion  
  57  4:13  Medivac, Supply Depot  
  61  4:18  SCV  
  61  4:22  SCV  
  63  4:27  Command Center  
  63  4:30  Marine x2  
  63  4:31  Marine  
  66  4:33  SCV  
  66  4:34  SCV  
  66  4:35  Factory Tech Lab  
  68  4:38  Refinery  
  68  4:42  Supply Depot  
  68  4:48  Marine x2  
  68  4:49  SCV x2, Marine  
  73  4:59  Siege Tank  
  76  5:01  SCV  
  76  5:02  SCV  
  76  5:05  Supply Depot  
  76  5:06  Supply Depot, Marine x2  
  80  5:11  Marine  
  81  5:14  Engineering Bay  
  81  5:15  Engineering Bay  
  81  5:17  Combat Shield  
  81  5:23  Marine  
  81  5:24  Marine  
  81  5:28  SCV x2  
  85  5:29  Marine  
  85  5:33  Siege Tank  
  89  5:41  Marine  
  88  5:44  Bunker  
  88  5:49  SCV  
  90  5:50  Terran Infantry Weapons Level 1, SCV  
  90  5:51  Orbital Command, Terran Infantry Armor Level 1  
  90  5:59  Barracks  
  90  6:00  Barracks  
  90  6:03  Barracks, SCV  
  91  6:06  Marine  
  91  6:07  Marine x2  
  91  6:09  Starport Reactor  
  94  6:12  Siege Tank  
  94  6:15  SCV  
  98  6:24  Marine x2  
  100  6:28  SCV x2  
  102  6:36  Marine  
  103  6:40  SCV x2  
  103  6:42  Marine  
  103  6:43  Marine  
  105  6:47  Siege Tank  
  105  6:51  Barracks Reactor x2  
  105  6:52  Barracks Reactor  
  105  6:53  SCV  
  105  6:54  Marine, SCV  
  110  6:56  Armory  
  110  7:00  Marine  
  112  7:02  Supply Depot  
  112  7:04  Marine  
  112  7:05  Supply Depot, Refinery  
  112  7:06  SCV x2  
  115  7:12  Marine  
  114  7:18  Marine, SCV  
  114  7:21  Orbital Command  
  114  7:22  Marine  
  117  7:28  Marine x3  
  117  7:29  Marine x4  
  123  7:30  SCV x2  
  123  7:34  Siege Tank  
  123  7:36  Marine  
  130  7:40  Marine  
  130  7:42  SCV  
  130  7:45  SCV  
  130  7:46  Marine x2  
  133  7:52  Terran Infantry Weapons Level 2, Terran Infantry Armor Level 2, Marine x3  
  133  7:53  Marine  
  133  7:54  SCV  
  133  7:56  Supply Depot  
  133  7:57  Marine  
  137  8:00  Supply Depot, Marine x2  
  137  8:01  Supply Depot  
  137  8:04  Marine x2  
  141  8:07  Medivac  
  141  8:09  Marine x2  
  141  8:10  Medivac  
  147  8:14  Marine x2  
  147  8:19  Marine  
  150  8:24  Marine  
  150  8:25  Marine x2  
  150  8:26  Marine  
  153  8:27  Marine  
  153  8:31  Marine  
  153  8:32  Marine x2  
  155  8:36  SCV x2, Supply Depot  
  155  8:37  Supply Depot, Marine, Medivac, SCV  
  155  8:39  Terran Vehicle Weapons Level 1  
  155  8:40  Medivac  
  163  8:42  Marine  
  163  8:43  Marine x2  
  163  8:46  Marine x2  
  163  8:48  SCV  
  168  8:49  Marine  
  168  8:50  Marine x2  
  168  8:55  Marine  
  172  8:59  Marine  
  172  9:01  Marine x2  
  174  9:04  Marine x2  
  174  9:07  Marine  
  174  9:08  Marine  
  170  9:11  Marine  
  170  9:13  Marine  
  170  9:14  Siege Tank  
  170  9:15  Medivac x2  
  171  9:17  Marine  
  171  9:19  Marine x2  
  171  9:22  Marine x2  
  176  9:25  Marine x2  
  176  9:29  Marine  
  176  9:31  Marine  
  164  9:35  Marine  
  164  9:37  Marine x2  
  152  9:39  Marine x2  
  152  9:43  Marine x2  
  156  9:46  Siege Tank, Marine  
  156  9:48  Marine  
  156  9:50  Medivac x2  
  165  9:53  Marine  
  165  9:55  Marine x2  
  165  9:57  Marine x2  
  170  10:00  Marine  
  170  10:01  Marine  
  170  10:02  Command Center  
  170  10:04  Marine  
  170  10:06  Marine  
  173  10:11  Marine  
  173  10:18  Siege Tank  
  144  10:35  Marine x3  
  144  10:36  Medivac, Marine x6  
  144  10:37  Medivac  
  144  10:42  Barracks x2  
  151  10:43  Barracks  
  151  10:53  Marine x7  
  151  10:54  Siege Tank, Marine x2  
  162  11:11  Marine x9  
  160  11:14  Medivac  
  171  11:26  Siege Tank  
  171  11:29  Marine x3  
  176  11:34  Marine x5  
  176  11:35  Marine x2  
  168  11:48  Marine x4  
  168  11:52  Marine x5  
  168  11:53  Marine x2  
  142  12:06  Marine x4  
  127  12:09  Orbital Command  
  127  12:10  Marine x5  
  127  12:11  Marine x2  
  123  12:20  Medivac  
  123  12:21  Medivac  
  123  12:22  Planetary Fortress  
  109  12:24  Marine x4  
  109  12:27  Marine  
  109  12:28  Marine x4  
  109  12:29  Marine x2  
  111  12:42  Marine x4  
  116  12:45  Marine x4  
  116  12:46  Marine  
  116  12:47  Marine  

Tags
 
Add a new tag
Caveats
  • Supply blocks, unpowered buildings, or Contaminate may cause inaccurate times.
  • Supply counts are checked every 10 seconds.